Map: Abiogenesis LE

Players

Namshar

  • Race: Zerg Zerg
  • Spawn Location: 5:00

Serral - Winner!

  • Race: Zerg Zerg
  • Spawn Location: 11:00

Event: WCS Leipzig 2018

VOD

Have the link to the VOD?

Description

Time

  • Played on: Jan. 26, 2018, 1:42 p.m.
  • Length: 18:18

All games in this series

Show
View Real Time Build Order
Export as new Build Order

Namshar Zerg 

Build Orders: Hatch First 

Get SALT Encoding   

  12  0:00  Drone  
  13  0:12  Overlord  
  13  0:17  Drone  
  14  0:30  Drone x2  
  14  0:33  Drone  
  17  0:51  Hatchery  
  17  0:53  Drone  
  17  1:02  Extractor  
  16  1:09  Spawning Pool  
  15  1:12  Drone  
  15  1:16  Drone  
  17  1:20  Drone  
  18  1:28  Drone  
  19  1:41  Overlord  
  19  1:55  Queen  
  19  1:57  Zergling x2  
  19  2:01  Zergling x2  
  23  2:04  Metabolic Boost, Queen  
  23  2:07  Zergling x2  
  26  2:11  Drone  
  26  2:14  Drone  
  29  2:22  Drone  
  29  2:25  Drone  
  30  2:40  Hatchery  
  30  2:41  Drone  
  30  2:51  Baneling Nest  
  30  2:53  Drone  
  30  2:55  Overlord  
  30  3:00  Zergling x6  
  30  3:05  Zergling x4  
  33  3:09  Zergling x2  
  35  3:14  Zergling x2  
  35  3:15  Zergling x4  
  38  3:23  Drone x3  
  41  3:29  Drone  
  42  3:36  Baneling x2  
  42  3:39  Baneling x2  
  42  3:40  Zergling x4  
  43  3:50  Zergling x2, Overlord  
  43  3:58  Drone  
  43  3:59  Drone x5  
  49  4:05  Overlord  
  49  4:08  Queen  
  51  4:11  Drone x2  
  51  4:15  Evolution Chamber  
  52  4:17  Drone  
  52  4:18  Drone  
  52  4:20  Drone x2  
  56  4:25  Drone x2  
  58  4:31  Overlord  
  58  4:38  Drone x4  
  60  4:39  Extractor x2  
  60  4:49  Zerg Missile Weapons Level 1  
  60  4:51  Roach Warren  
  59  4:53  Drone x4  
  59  4:54  Drone  
  64  5:07  Drone  
  64  5:08  Drone x2  
  64  5:09  Lair  
  64  5:13  Drone  
  67  5:15  Drone  
  67  5:19  Drone  
  69  5:21  Extractor  
  69  5:22  Drone x3  
  69  5:24  Overlord x2  
  69  5:27  Drone  
  72  5:29  Drone  
  72  5:31  Evolution Chamber  
  72  5:36  Roach  
  72  5:40  Overlord x2  
  72  5:41  Overlord x2  
  73  5:48  Roach x4  
  73  5:49  Roach  
  73  6:07  Roach  
  73  6:08  Roach x5  
  84  6:25  Overlord x2  
  83  6:26  Roach  
  83  6:27  Roach x5  
  94  6:33  Roach x4  
  100  6:48  Zerg Ground Armor Level 1, Zerg Missile Weapons Level 2  
  98  6:56  Drone  
  98  6:57  Drone x4, Overlord x2  
  99  7:01  Drone  
  99  7:02  Drone x2, Overlord  
  99  7:03  Drone  
  102  7:11  Drone x2  
  102  7:13  Overseer  
  102  7:15  Roach x4  
  112  7:22  Overlord  
  112  7:25  Roach x5  
  122  7:33  Drone x2  
  122  7:34  Drone x2, Overlord  
  122  7:36  Roach x2  
  130  7:44  Roach  
  128  7:53  Drone x2  
  128  7:55  Roach x6  
  141  7:59  Roach  
  141  8:00  Roach x3  
  141  8:02  Queen  
  151  8:07  Ravager x2  
  151  8:08  Overlord  
  151  8:12  Extractor  
  150  8:22  Drone x4  
  150  8:24  Roach x5  
  161  8:29  Drone  
  161  8:31  Roach x2  
  161  8:32  Glial Reconstitution  
  166  8:37  Ravager  
  167  8:41  Roach x2  
  167  8:43  Drone x2  
  173  8:53  Roach x4  
  176  9:06  Roach x5  
  182  9:11  Roach x2  
  178  9:22  Roach x7  
  170  9:32  Roach x2  
  170  9:37  Ravager x2  
  176  9:40  Roach  
  176  9:41  Roach x2  
  176  9:44  Hatchery  
  171  9:47  Roach x2  
  173  9:53  Roach  
  173  9:58  Roach x2  
  173  9:59  Overlord x2  
  177  10:00  Overlord  
  175  10:13  Roach x7  
  175  10:14  Roach  
  138  10:22  Roach  
  138  10:26  Roach x9  
  138  10:28  Roach  
  144  10:32  Roach  
  146  10:37  Ravager  
  146  10:38  Ravager  
  146  10:42  Roach x2  
  148  10:44  Roach  
  144  10:50  Roach  
  144  10:51  Roach x2  
  144  10:56  Roach  
  154  10:57  Roach x3  
  154  11:02  Roach x2  
  144  11:08  Roach  
  144  11:09  Roach x3  
  126  11:13  Roach  
  126  11:14  Roach  
  126  11:15  Roach  
  126  11:18  Roach  
  119  11:21  Roach  
  101  11:28  Roach x2  
  101  11:30  Ravager  
  108  11:33  Roach x2  
  108  11:37  Roach x2  
  116  11:44  Roach x4  
  124  11:48  Roach x2  
  124  11:54  Roach  
  128  12:00  Roach x5  
  126  12:08  Roach  
  126  12:09  Roach x4  
  126  12:14  Roach x2  
  128  12:19  Roach x2  
  130  12:23  Roach x3  
  130  12:29  Roach x3  
  118  12:40  Roach x3  
  118  12:41  Roach  
  112  12:46  Roach  
  112  12:47  Roach x2  
  112  12:50  Roach x2  
  112  12:51  Roach x2  
  97  13:00  Roach x4, Queen  
  98  13:06  Roach x2  
  98  13:11  Roach x2  
  96  13:19  Roach x3  
  97  13:24  Queen  
  97  13:26  Roach x4  
  105  13:29  Ravager  
  106  13:35  Roach  
  106  13:36  Roach x2  
  112  13:43  Roach x2  
  116  13:54  Ravager  
  116  13:55  Roach x4  
  125  14:01  Roach x2  
  129  14:09  Roach x3  
  135  14:14  Roach x2  
  137  14:24  Roach x3  
  143  14:25  Ravager  
  143  14:31  Roach x2  
  148  14:42  Roach  
  148  14:43  Roach x3  
  150  14:52  Roach x3  
  156  14:54  Ravager x2  
  158  15:01  Ravager, Roach  
  159  15:17  Roach  
  159  15:18  Roach x4  
  159  15:20  Overlord  
  169  15:24  Ravager  
  169  15:27  Overlord  
  170  15:31  Overlord  
  170  15:35  Unknown  
  170  15:38  Overlord  
  170  15:40  Ravager  
  170  15:41  Ravager  
  170  15:42  Ravager x2  
  174  15:53  Roach x4  
  182  16:09  Roach  
  182  16:10  Roach x3  
  190  16:13  Ravager x2  
  192  16:32  Roach x4  
  200  16:44  Unknown  
  200  17:00  Hatchery  
  191  17:32  Roach  
  191  17:33  Roach x6  
  146  17:55  Roach x4  
  146  17:56  Roach x7  
Show
View Real Time Build Order
Export as new Build Order

Serral Zerg - Winner!

Build Orders: Pool First 

Get SALT Encoding   

  12  0:00  Drone  
  13  0:12  Overlord  
  13  0:17  Drone  
  14  0:30  Drone  
  14  0:31  Drone  
  14  0:34  Drone  
  17  0:44  Spawning Pool  
  17  0:47  Drone  
  17  1:07  Hatchery  
  17  1:09  Extractor  
  15  1:12  Drone  
  15  1:16  Drone  
  17  1:24  Drone  
  18  1:32  Queen  
  20  1:33  Zergling x2  
  21  1:40  Overlord  
  21  1:50  Drone  
  22  2:00  Drone  
  23  2:07  Queen  
  25  2:10  Drone, Metabolic Boost  
  26  2:20  Drone  
  26  2:21  Queen  
  29  2:24  Drone  
  30  2:30  Zergling x2  
  30  2:35  Zergling x2  
  32  2:40  Overlord  
  32  2:41  Drone x2  
  34  2:47  Overlord  
  34  2:51  Zergling x2  
  34  2:54  Zergling x2  
  36  3:01  Overlord  
  36  3:05  Drone  
  37  3:08  Zergling x2  
  38  3:14  Zergling x2  
  38  3:15  Drone, Zergling x2  
  38  3:16  Drone, Evolution Chamber  
  38  3:19  Drone  
  42  3:25  Drone  
  43  3:28  Drone  
  44  3:35  Roach Warren  
  44  3:40  Drone x3  
  46  3:43  Evolution Chamber  
  45  3:52  Zergling x10  
  50  3:58  Evolution Chamber  
  50  3:59  Drone x2  
  50  4:00  Lair  
  50  4:02  Extractor  
  51  4:05  Drone  
  52  4:10  Overlord  
  52  4:11  Zerg Missile Weapons Level 1  
  52  4:15  Extractor  
  49  4:19  Drone x3  
  49  4:20  Drone  
  53  4:29  Drone  
  54  4:32  Overlord  
  54  4:39  Zerg Ground Armor Level 1  
  54  4:41  Drone x2  
  54  4:45  Drone x3  
  59  4:46  Overlord  
  59  4:51  Overlord  
  59  4:58  Roach  
  59  4:59  Roach x2  
  65  5:02  Glial Reconstitution  
  65  5:10  Roach x3  
  70  5:18  Roach x3  
  76  5:28  Hatchery  
  75  5:33  Roach x2  
  79  5:48  Roach x2  
  83  5:52  Drone x2  
  83  5:53  Drone x3  
  83  5:54  Drone  
  83  5:55  Overlord  
  83  5:56  Overlord  
  88  6:00  Drone  
  88  6:02  Drone  
  87  6:06  Drone, Zerg Missile Weapons Level 2  
  87  6:09  Drone  
  87  6:23  Drone x3  
  88  6:26  Roach x3  
  88  6:30  Roach  
  88  6:31  Roach x3, Extractor  
  99  6:46  Roach  
  99  6:47  Roach x2  
  105  6:51  Overlord  
  105  6:59  Roach x5  
  109  7:04  Overlord x3  
  109  7:05  Overlord  
  103  7:09  Zerg Ground Armor Level 2  
  103  7:14  Roach x5  
  113  7:22  Roach x4  
  121  7:28  Overlord  
  121  7:31  Roach x3  
  121  7:37  Roach  
  129  7:38  Roach  
  129  7:52  Roach x2  
  129  7:53  Roach x6  
  141  8:00  Ravager  
  141  8:03  Extractor  
  141  8:04  Roach x2  
  145  8:08  Overlord  
  145  8:09  Roach x2  
  149  8:18  Roach  
  149  8:19  Roach x4  
  155  8:27  Roach x3  
  157  8:35  Overlord  
  157  8:36  Ravager, Overlord  
  157  8:37  Roach x2  
  164  8:41  Roach x2  
  166  8:49  Roach x2  
  166  8:54  Ravager  
  166  8:55  Roach x3  
  177  9:00  Ravager  
  176  9:06  Roach x3  
  180  9:10  Roach x2  
  180  9:15  Roach x3  
  176  9:20  Roach x2  
  174  9:26  Roach x4  
  162  9:34  Roach x4  
  168  9:42  Ravager, Roach  
  169  9:47  Extractor  
  169  9:48  Roach x4  
  169  9:52  Drone x3  
  179  9:53  Drone x2  
  179  9:57  Roach x3  
  183  10:00  Overlord  
  183  10:02  Overseer  
  183  10:06  Overlord  
  159  10:15  Roach x7  
  159  10:19  Roach x2  
  157  10:24  Roach x2  
  157  10:30  Roach x3  
  157  10:34  Ravager  
  164  10:36  Ravager  
  164  10:39  Roach x3  
  171  10:43  Ravager, Roach x2  
  170  10:50  Roach  
  170  10:51  Roach x2  
  168  10:57  Roach  
  168  10:58  Roach x2  
  158  11:04  Roach  
  158  11:05  Roach x3  
  158  11:08  Roach  
  158  11:10  Roach  
  149  11:14  Roach x3  
  132  11:22  Roach x4  
  130  11:28  Ravager  
  130  11:31  Hatchery  
  129  11:38  Roach x3  
  135  11:43  Ravager x2  
  135  11:44  Ravager  
  135  11:46  Roach x3  
  144  11:55  Roach x4  
  144  12:00  Roach x2  
  152  12:07  Ravager  
  149  12:10  Roach x5  
  149  12:14  Roach  
  149  12:15  Roach  
  151  12:18  Roach  
  151  12:19  Roach  
  147  12:25  Roach  
  147  12:26  Roach  
  147  12:33  Roach x3  
  142  12:41  Roach x3  
  136  12:47  Roach  
  136  12:48  Roach x2  
  126  12:58  Roach x4  
  121  13:05  Roach x4  
  123  13:11  Roach x2  
  123  13:16  Roach x3  
  115  13:25  Roach x4  
  119  13:31  Roach x3  
  119  13:33  Ravager  
  119  13:34  Ravager  
  127  13:35  Roach  
  129  13:42  Roach x3  
  129  13:44  Ravager x2  
  129  13:47  Roach x2  
  141  13:56  Roach x4  
  141  14:00  Overseer  
  141  14:02  Overlord  
  149  14:06  Roach x2  
  152  14:13  Drone x2  
  152  14:15  Roach x2  
  157  14:19  Overlord  
  157  14:24  Roach x3  
  163  14:34  Roach x5  
  172  14:42  Drone x2  
  172  14:44  Overlord  
  172  14:47  Overlord  
  172  14:49  Ravager x2  
  172  14:50  Ravager  
  172  14:51  Roach x2  
  179  14:53  Ravager x3  
  179  14:59  Roach  
  188  15:00  Roach x2  
  188  15:08  Roach x4  
  196  15:18  Roach x3  
  200  15:24  Spire  
  200  15:27  Ravager  
  200  16:05  Overlord  
  200  16:07  Overlord  
  200  16:17  Overseer  
  200  16:19  Extractor  
  199  16:39  Overlord  
  197  17:32  Mutalisk x3  
  185  17:39  Mutalisk x12  
  185  17:41  Roach  
  191  17:50  Roach x11  
Tags
 
Add a new tag
Caveats
  • Supply blocks, unpowered buildings, or Contaminate may cause inaccurate times.
  • Supply counts are checked every 10 seconds.